 Dungeon Crawl Stone Soup version 0.24.0-123-gd5b16e6ec5 (webtiles) character file.

Game seed: 5170704533630950107, levelgen mode: deterministic

95 Elellon the Chopper (level 4, -4/39 HPs)
             Began as a Hill Orc Fighter on Jan 14, 2020.
             Killed by nerve-wracking pain
             ... invoked by Grinder
              (10 damage)
             ... on level 3 of the Dungeon.
             The game lasted 00:03:57 (2379 turns).

Elellon the Chopper (Hill Orc Fighter)              Turns: 2379, Time: 00:03:58

Health: -4/39      AC:  9    Str: 19    XL:     4   Next: 66%
Magic:  4/4        EV:  5    Int:  8    God:
Gold:   96         SH:  9    Dex: 10    Spells: 3/3 levels left

rFire    . . .     SeeInvis .   a - +0 war axe
rCold    . . .     Gourm    .   c - +0 shield
rNeg     . . .     Faith    .   q - +0 chain mail
rPois    .         Spirit   .   (no helmet)
rElec    .         Reflect  .   (no cloak)
rCorr    .         Harm     .   (no gloves)
MR       .....                  (no boots)
Stlth    ..........             (no amulet)
HPRegen  0.13/turn              (no ring)
MPRegen  0.09/turn              (no ring)

@: no status effects
A: no striking features
a: no special abilities


You were on level 3 of the Dungeon.
You were very hungry.

You visited 1 branch of the dungeon, and saw 3 of its levels.

You collected 96 gold pieces.

Inventory:

Hand Weapons
 a - a +0 war axe (weapon)
Armour
 c - a +0 shield (worn)
 q - a +0 chain mail (worn)
Jewellery
 g - an uncursed ring of stealth {unknown}
Scrolls
 e - 2 scrolls of random uselessness {unknown}
 h - a scroll of amnesia {unknown}
 i - 5 scrolls of identify {unknown}
 l - 2 scrolls of enchant armour {unknown}
 o - a scroll of teleportation {unknown}
Potions
 d - a potion of might
 j - a potion of heal wounds {unknown}
 k - a potion of flight {unknown}
 m - a potion of lignification {unknown}
 n - 3 potions of berserk rage {unknown}
 p - a potion of degeneration {unknown}
Comestibles
 f - 5 rations


   Skills:
 - Level 3.6 Fighting
 + Level 6.3 Axes
 - Level 3.2 Armour
 - Level 3.2 Shields


You had 3 spell levels left.
You didn't know any spells.
Your spell library was empty.

Dungeon Overview and Level Annotations

Branches:
Dungeon (3/15)

Altars:

Annotations:
D:3 Grinder


Message History

Grinder is heavily wounded.
Grinder hits you but does no damage.
Your shield and chain mail prevent you from hitting Grinder.
Grinder is heavily wounded.
You block Grinder's attack. Grinder barely misses you.
You closely miss Grinder.
Grinder is heavily wounded.
Grinder hits you but does no damage.
You hit Grinder.
Grinder is heavily wounded.
You block Grinder's attack.
You closely miss Grinder.
Grinder is heavily wounded.
Grinder hits you but does no damage.
You closely miss Grinder.
Grinder is heavily wounded.
Grinder says, "There's only one good use for a tongue: cutting it out."
Grinder gestures at you. Pain shoots through your body!
You die...

#....#### #.....#....#
##.......# #)#
#......# ......†).#
#.###...####
#..###.##....##<#
+....>.(#..#.##[#
##)#............#
#######(#..###..######
#...............##
#.####.)......5@.#
#....+........)..#
###.##...(.......#
#.....##..#######
##..#.##..# #..#.##..#
####.....# ####..#
......


You could see Grinder.

Vanquished Creatures
  An orc wizard (D:3)
  An adder (D:2)
  A dart slug (D:2)
  A leopard gecko (D:2)
  3 orcs (D:3)
  2 giant cockroaches
  3 goblins
  7 hobgoblins
  11 jackals
  2 ball pythons (D:1)
  4 bats (D:1)
  3 frilled lizards
  7 kobolds
  8 rats
54 creatures vanquished.

Notes
Turn   | Place    | Note
-------+----------+-------------------------------------------
     0 | D:1      | Elellon the Hill Orc Fighter began the quest for the Orb.
     0 | D:1      | Reached XP level 1. HP: 19/19 MP: 1/1
    15 | D:1      | Reached skill level 3 in Axes
   101 | D:1      | Reached XP level 2. HP: 25/26 MP: 2/2
   159 | D:1      | Reached skill level 4 in Axes
   393 | D:1      | Reached XP level 3. HP: 31/31 MP: 3/3
   900 | D:2      | Reached skill level 5 in Axes
  1247 | D:2      | Reached XP level 4. HP: 39/39 MP: 4/4
  1728 | D:3      | Noticed Grinder
  1759 | D:3      | Paralysed by Grinder for 6 turns
  2067 | D:3      | Reached skill level 6 in Axes
  2067 | D:3      | Paralysed by Grinder for 2 turns
  2078 | D:3      | Paralysed by Grinder for 2 turns
  2079 | D:3      | HP: 1/39 [Grinder (1)]
  2379 | D:3      | Killed from afar by Grinder

Levels and vault maps discovered:
D:1:      wander_arrival_fairy_ring, layout_loops_ring,
          minmay_shallow_snake_nest
D:2:      layout_basic, first_ration
D:3:      layout_basic, uniq_natasha, uniq_crazy_yiuf_cottage, uniq_grinder

Skill      XL: |  1  2  3  4 |
---------------+-------------+-----
Axes           | 3 4 5 6 |  6.3
Fighting       | |  3.6
Armour         | |  3.2
Shields        | |  3.2

Action                   |  1- 3 |  4- 6 || total
-------------------------+-------+-------++-------
Melee: War axe           |   128 |    99 ||   227
  Eat: Chunk             |     1 |     3 ||     4
Armor: Scale mail        |    51 |     5 ||    56
       Chain mail        |       |    56 ||    56
Dodge: Dodged            |    52 |    20 ||    72
Block: Shield            |    70 |    37 ||   107
